 Dungeon Crawl Stone Soup version 0.28.0-47-ge53b351184 (webtiles) character file.

Game seed: 14143814221387066625

67 GigaChad the Covered (level 4, 0/36 HPs)
             Began as a Minotaur Fighter on May 10, 2022.
             Was a Follower of Hepliaklqana.
             Slain by Terence
             ... wielding a +3 flail
              (7 damage)
             ... on level 2 of the Dungeon.
             The game lasted 00:04:23 (2271 turns).

GigaChad the Covered (Minotaur Fighter)             Turns: 2271, Time: 00:04:24

Health: 0/36       AC:  7    Str: 20    XL:     4   Next: 0%
Magic:  3/3        EV:  9    Int:  5    God:    Hepliaklqana [*.....]
Gold:   44         SH:  0    Dex: 12    Spells: 3/3 levels left

rFire   . . .      SeeInvis .   k - +4 quarterstaff (chaos)
rCold   . . .      Faith    .   (shield currently unavailable)
rNeg    . . .      Spirit   .   b - +0 scale mail
rPois   .          Reflect  .   (helmet restricted)
rElec   .          Harm     .   (no cloak)
rCorr   .          Rampage  .   (no gloves)
Will    .....                   (no boots)
Stlth   ..........              (no amulet)
HPRegen 0.12/turn               (no ring)
MPRegen 0.08/turn               (no ring)

@: no status effects
A: reduced essence, horns 2, retaliatory headbutt
a: Renounce Religion, Recall Ancestor, Ancestor Identity


You were on level 2 of the Dungeon.
You worshipped Hepliaklqana.
Hepliaklqana was aware of your devotion.
You visited 1 branch of the dungeon, and saw 2 of its levels.

You collected 44 gold pieces.

Inventory:

Hand Weapons
 a - a +0 long sword
 k - a +4 quarterstaff of chaos (weapon)
Armour
 b - a +0 scale mail (worn)
 c - a +0 buckler
Scrolls
 g - a scroll of teleportation {unknown}
 i - 2 scrolls of identify {unknown}
 l - a scroll of immolation {unknown}
Potions
 d - a potion of might
 e - a potion of mutation {unknown}
 f - a potion of lignification {unknown}
 h - a potion of curing {unknown}
 j - a potion of flight {unknown}


   Skills:
 + Level 4.1 Fighting
 + Level 2.9 Long Blades
 + Level 4.7 Armour
 + Level 0.5 Dodging
 + Level 4.1 Shields


You had 3 spell levels left.
You didn't know any spells.
Your spell library was empty.

Dungeon Overview and Level Annotations

Branches:
Dungeon (2/15)

Altars:
Cheibriados
Hepliaklqana

Annotations:
D:2 Terence


Innate Abilities, Weirdness & Mutations

Your life essence is reduced to manifest your ancestor. (-10% HP)
You have a pair of horns on your head.
You reflexively headbutt those who attack you in melee.


Message History

An endoplasm comes into view.
The endoplasm quivers.
You hit the endoplasm.
You kill the endoplasm!
Found 6 gold pieces.
You now have 44 gold pieces (gained 6).
You open the door.
There is an open door here.
A bat comes into view.
The bat hits you but does no damage.
You barely miss the bat. The bat hits you. The bat barely misses you.
Found a stone staircase leading down.
The bat hits you but does no damage.
Arthur hits the bat.
The bat dies!
You have reached level 4!
You feel agile.
Arthur remembers more of his old skill.
Found an escape hatch in the ceiling.
There is a stone staircase leading down here.
There is an escape hatch in the ceiling here.
Terence the Incautious comes into view.
He is wielding a +3 flail.
Terence shouts!
Terence hits you with a +3 flail.
You hit Terence but do no damage. You headbutt Terence.
Terence is moderately wounded.
Terence hits you with a +3 flail! Terence hits you with a +3 flail.
Arthur barely misses Terence.
You hit Terence but do no damage. You headbutt Terence.
Terence is heavily wounded.
Terence hits you with a +3 flail.
Arthur hits Terence but does no damage.
You hit Terence but do no damage. You headbutt Terence.
Terence is heavily wounded.
Terence hits you with a +3 flail!
* * * LOW HITPOINT WARNING * * *
Arthur completely misses Terence.
You hit Terence but do no damage. You drain Terence.
Terence is severely wounded.
Terence hits you with a +3 flail!
You die...

#.#.# ###.#.# #..#
......#..# #..#
.....##..# #..#
.....##..# #..#
......#..## #..#
....#.#... #..#
#####..#.# #.@#
.......#.######R@#
.................#
.........#######.#
#######..# #.#
#..# #.#
##.#######.#
#>......<.#
###########


You could see the friendly Arthur the ancestor and Terence (drained, ally
target).

Vanquished Creatures
  Crazy Yiuf (D:2)
  A dart slug (D:2)
  A bat (D:1)
  3 endoplasms
  2 giant cockroaches (D:1)
  2 hobgoblins (D:2)
  3 kobolds (D:1)
  3 quokkas
  4 ball pythons
  2 frilled lizards
  2 rats (D:1)
24 creatures vanquished.

Vanquished Creatures (collateral kills)
  An adder (D:2)
  2 bats (D:2)
  A rat (D:2)
4 creatures vanquished.

Vanquished Creatures (others)
  A fungus (D:2)
1 creature vanquished.

Grand Total: 29 creatures vanquished

Notes
Turn   | Place    | Note
-------+----------+-------------------------------------------
     0 | D:1      | GigaChad the Minotaur Fighter began the quest for the Orb.
     0 | D:1      | Reached XP level 1. HP: 19/19 MP: 0/0
   772 | D:1      | Reached XP level 2. HP: 27/27 MP: 1/1
  1002 | D:1      | Found a faded altar of an unknown god.
  1207 | D:1      | Prayed at the altar of an unknown god.
  1207 | D:1      | Became a worshipper of Hepliaklqana the Forgotten
  1207 | D:1      | Reached * piety under Hepliaklqana
  1901 | D:2      | Reached XP level 3. HP: 27/29 MP: 2/2
  1920 | D:2      | Found a snail-covered altar of Cheibriados.
  1995 | D:2      | Found a runed translucent door.
  1996 | D:2      | Noticed Crazy Yiuf
  2001 | D:2      | Killed Crazy Yiuf
  2246 | D:2      | Reached XP level 4. HP: 35/36 MP: 3/3
  2264 | D:2      | Noticed Terence
  2271 | D:2      | Slain by Terence

Illustrated notes

Levels and vault maps discovered:
D:1:      lemuel_arrival_tunnels, layout_loops_corners, basic_ecumenical_altar
D:2:      minmay_chambers_of_twos, layout_basic, basic_altar, serial_shops,
          nicolae_shop_advertising_works [nicolae_subvault_shop_adworks],
          kennysheep_generic_room_7, uniq_crazy_yiuf_cottage, uniq_terence

Skill      XL: |  1  2 |
---------------+-------+-----
Armour         | 4 |  4.7
Fighting       | 4 |  4.1
Shields        | 4 |  4.1
Long Blades    | |  2.9
Dodging        | |  0.5

Action                   |  1- 3 |  4- 6 || total
-------------------------+-------+-------++-------
Melee: Long sword        |    58 |       ||    58
       Headbutt          |    10 |     3 ||    13
       Quarterstaff      |     8 |     4 ||    12
Invok: Ancestor Identity |     1 |       ||     1
Armor: Scale mail        |    36 |       ||    36
Dodge: Dodged            |    37 |       ||    37
Block: Buckler           |    22 |       ||    22
